 Dungeon Crawl Stone Soup version 0.26-a0-317-ge2f3d4a7ca (webtiles) character file.

Game seed: 15358301100921081603

1159 Baz the Covert (level 8, -5/70 HPs)
             Began as a Naga Enchanter on July 16, 2020.
             Shot with an arrow by a centaur (11 damage)
             ... on level 6 of the Dungeon.
             The game lasted 00:21:25 (9157 turns).

Baz the Covert (Naga Enchanter)                     Turns: 9157, Time: 00:21:26

Health: -5/70      AC:  4    Str: 11    XL:     8   Next: 39%
Magic:  11/11      EV: 10    Int: 17    God:
Gold:   273        SH:  0    Dex: 12    Spells: 2/11 levels left

rFire    . . .     SeeInvis +   u - +7 short sword (speed)
rCold    . . .     Faith    .   (no shield)
rNeg     . . .     Spirit   .   b - +0 robe
rPois    +         Reflect  .   d - +0 hat
rElec    .         Harm     .   (no cloak)
rCorr    .                      g - +0 pair of gloves
MR       +....                  (no barding)
Stlth    ++++......             (no amulet)
HPRegen  0.21/turn              (no ring)
MPRegen  0.12/turn              (no ring)

@: very slow
A: large, see invisible, deformed body, poison resistance, slowness 2, spit
poison 1, AC +2
a: Spit Poison


You were on level 6 of the Dungeon.
You visited 1 branch of the dungeon, and saw 6 of its levels.

You collected 273 gold pieces.

Inventory:

Hand Weapons
 a - a +1 dagger
 u - a +7 short sword of speed (weapon)
 w - the +1 falchion of Beogh's Displeasure {freeze, +Rage MR- Str+4 Dex+4}
   (You found it on level 5 of the Dungeon)

   It has been specially enchanted to freeze those struck by it, causing extra
   injury to most foes and up to half again as much damage against particularly
   susceptible opponents.
   It can also slow down cold-blooded creatures.
   It affects your strength (+4).
   It affects your dexterity (+4).
   It affects your resistance to hostile enchantments.
   It lets you go berserk.
 x - a -1 dagger
Missiles
 i - 8 boomerangs (quivered)
Armour
 b - a +0 robe (worn)
 d - a +0 hat (worn)
 g - a +0 pair of gloves (worn)
 q - the +0 helmet of Bybosiq {rC+ Regen+ Stlth-}
   (You took it off Robin on level 2 of the Dungeon)

   It protects you from cold.
   It increases your rate of regeneration.
   It makes you less stealthy.
Wands
 s - a wand of iceblast (11)
 t - a wand of acid (17)
Scrolls
 c - 2 scrolls of remove curse
 e - 2 scrolls of enchant armour {unknown}
 f - 5 scrolls of amnesia {unknown}
 h - 3 scrolls of blinking {unknown}
 l - a scroll of random uselessness {unknown}
 n - 3 scrolls of magic mapping {unknown}
 o - 4 scrolls of teleportation {unknown}
 p - a scroll of enchant weapon
Potions
 j - a potion of heal wounds
 k - a potion of lignification
 m - 3 potions of mutation
 r - a potion of berserk rage {unknown}
 v - a potion of might {unknown}
 z - a potion of cancellation {unknown}


   Skills:
 - Level 3.6 Fighting
 + Level 3.5 Short Blades
 - Level 1.5 Dodging
 + Level 9.9 Stealth
 + Level 2.0 Spellcasting
 * Level 6.5 Hexes


You had 2 spell levels left.
You knew the following spells:

 Your Spells              Type           Power        Failure   Level
a - Corona                Hex            ###....      1%          1
b - Ensorcelled Hibernat  Hex/Ice        ##....       8%          2
c - Confusing Touch       Hex            ###.....     4%          3
d - Dazzling Flash        Conj/Hex       ##....       16%         3

Your spell library contained the following spells:

 Spells                   Type           Power        Failure   Level
 Sandblast                Erth           #.....       19%         1
 Passwall                 Tmut/Erth      #.......     28%         2
 Tukima's Dance           Hex            ###.....     4%          3
 Gell's Gravitas          Tloc           #.........   50%         3
 Stone Arrow              Conj/Erth      #.....       50%         3
 Metabolic Englaciation   Hex/Ice        ##........   80%         5
 Yara's Violent Unravell  Hex/Tmut       ##........   80%         5
 Petrify                  Tmut/Erth      #.......     88%         4
 Lee's Rapid Deconstruct  Erth           #.........   99%         5


Dungeon Overview and Level Annotations

Branches:
Dungeon (6/15)
 Temple: D:4-7

Altars:
Ashenzari
Fedhas
Gozag
Makhleb
Ru
Sif Muna

Annotations:
D:3 exclusion: bat, Terence
D:6 exclusion: orc


Innate Abilities, Weirdness & Mutations

You cannot wear boots.
Your serpentine skin is tough. (AC +2)
You have supernaturally acute eyesight. (SInv)
Armour fits poorly on your strangely shaped body.
Your system is resistant to poisons. (rPois)
You cover ground very slowly.
You can spit poison.


Message History

Press: ? - help, Shift-Dir - straight line, f - centaur
Aim: a centaur, wielding a +0 shortbow and quivering 11 arrows You throw a boomerang.
The boomerang barely misses the centaur.
The centaur shoots an arrow.
The arrow hits you.
* * * LOW HITPOINT WARNING * * *
The shadow imp gestures at you. You resist with significant effort.
The worker ant closely misses you.
Unknown command.
Evoke which item? (* to show all) (? for menu, Esc to quit)
Aiming: Corrosive Bolt
Press: ? - help, Shift-Dir - straight line, f/p - centaur
Aim: a centaur, wielding a +0 shortbow and quivering 10 arrows The bolt of acid hits the centaur!
The centaur is splashed with acid.
The centaur is almost dead.
The shadow imp gestures at you. Pain shoots through your body!
* * * LOW HITPOINT WARNING * * *
The centaur shoots an arrow.
The arrow hits you!
You die...

###..#..oo .###.......
#......... ../.......
.........#####.......
..#.....>..#.......#
...?..............#
.........#...../..# .
........#.....(..####...
..!...####..[..(a5......
......# ##......@.c.....
.....####...............
........<#..............
...###...#.........##...
..## ###...#..#....# ...
.## ##.##......## . .##
##..#.....## ..#
###........##
.#####.....##.###


You could see a centaur, a worker ant and a shadow imp.

Vanquished Creatures
  Sigmund (D:4)
  Duvessa (D:4)
  A sky beast (D:6)
  An ogre (D:4)
  A centaur (D:5)
  Dowan (D:4)
  2 jellies
  An orc wizard (D:5)
  3 orc priests
  A hound (D:5)
  A centaur skeleton (D:4)
  An iguana (D:5)
  2 worker ants
  Ijyb (D:4)
  Robin (D:2)
  7 adders
  2 shadow imps (D:5)
  2 ufetubi (D:5)
  An ooze (D:2)
  An adder skeleton (D:4)
  2 worms
  2 dart slugs
  3 leopard geckos
  23 orcs
  5 giant cockroaches
  9 goblins
  11 hobgoblins
  7 jackals
  2 quokkas
  3 ball pythons
  6 bats
  6 frilled lizards
  3 kobolds
  11 rats
125 creatures vanquished.

Notes
Turn   | Place    | Note
-------+----------+-------------------------------------------
     0 | D:1      | Baz the Naga Enchanter began the quest for the Orb.
     0 | D:1      | Reached XP level 1. HP: 15/15 MP: 3/3
   437 | D:1      | Reached XP level 2. HP: 15/22 MP: 5/5
   892 | D:1      | Reached skill level 5 in Stealth
   956 | D:1      | Learned a level 2 spell: Ensorcelled Hibernation
  1290 | D:1      | Reached XP level 3. HP: 28/28 MP: 6/6
  2095 | D:2      | Found a shimmering blue altar of Sif Muna.
  2201 | D:2      | Found a shattered altar of Ashenzari.
  2369 | D:2      | Reached XP level 4. HP: 34/36 MP: 7/7
  3283 | D:3      | Reached skill level 6 in Stealth
  3453 | D:3      | Found a sacrificial altar of Ru.
  3577 | D:2      | Learned a level 3 spell: Confusing Touch
  4116 | D:3      | Reached XP level 5. HP: 24/43 MP: 8/8
  4119 | D:3      | Reached skill level 1 in Fighting
  4863 | D:3      | Identified the cursed +0 helmet of Bybosiq {rC+ Regen+
                  | Stlth-}
  4863 | D:3      | Noticed Robin
  5113 | D:2      | Reached skill level 7 in Stealth
  5335 | D:2      | Killed Robin
  5335 | D:2      | Reached XP level 6. HP: 28/51 MP: 9/9
  5773 | D:3      | Noticed Terence
  6177 | D:4      | Noticed Duvessa
  6177 | D:4      | Noticed Dowan
  6177 | D:4      | Noticed Sigmund
  6364 | D:5      | Entered Level 5 of the Dungeon
  6896 | D:4      | Noticed Ijyb
  6906 | D:4      | Killed Ijyb
  6906 | D:4      | Reached skill level 5 in Hexes
  7107 | D:4      | Found an opulent altar of Gozag.
  7130 | D:4      | Found a burning altar of Makhleb.
  7130 | D:4      | Noticed a cacodemon
  7136 | D:4      | Noticed a smoke demon
  7136 | D:4      | Noticed a smoke demon
  7325 | D:4      | Reached skill level 8 in Stealth
  7325 | D:4      | Reached XP level 7. HP: 40/60 MP: 10/10
  7586 | D:4      | Killed Duvessa
  7588 | D:4      | Killed Sigmund
  7588 | D:4      | Reached skill level 9 in Stealth
  7762 | D:4      | Killed Dowan
  7762 | D:4      | Reached XP level 8. HP: 69/69 MP: 11/11
  8212 | D:5      | Got a steaming falchion
  8554 | D:5      | Identified the +1 falchion of Beogh's Displeasure {freeze,
                  | +Rage MR- Str+4 Dex+4} (You found it on level 5 of the
                  | Dungeon)
  8649 | D:5      | Found a blossoming altar of Fedhas.
  9061 | D:6      | Learned a level 3 spell: Dazzling Flash
  9157 | D:6      | Shot with an arrow by a centaur

Illustrated notes

Levels and vault maps discovered:
D:1:      wander_arrival_lonely_grave, layout_basic
D:2:      layout_loops_ring, lemuel_doored_altar, old_standard_altar
D:3:      layout_loops_ring, overflow_temple_1_default, uniq_robin, uniq_terence
D:4:      layout_gridville, makhleb_altar_promises_db, kennysheep_mini_moat,
          uniq_ijyb, uniq_duvessa, uniq_sigmund
D:5:      layout_basic, old_standard_altar
D:6:      cheibrodos_quashed, layout_cave_pools,
          hangedman_abyss_or_decor_jellyfish_corner

Skill      XL: |  1  2  3  4  5  6  7 |
---------------+----------------------+-----
Stealth        | 5 6 7 8 9 |  9.9
Short Blades   | 2 3 |  3.5
Hexes          | 4 5 6 |  6.5
Fighting       | 1 2 3 |  3.6
Dodging        | |  1.5
Spellcasting   | |  2.0

Action                   |  1- 3 |  4- 6 |  7- 9 || total
-------------------------+-------+-------+-------++-------
Melee: Dagger            |    88 |   215 |    10 ||   313
       Unarmed           |       |     4 |       ||     4
       Short sword       |       |       |    60 ||    60
Throw: Boomerang         |       |       |     5 ||     5
 Cast: Corona            |     1 |     1 |     1 ||     3
       Ensorcelled Hiber |       |    12 |     5 ||    17
 Abil: Spit Poison       |    14 |    53 |     9 ||    76
Evoke: Wand              |       |       |     5 ||     5
  Use: Potion            |       |     2 |       ||     2
       Scroll            |       |       |     5 ||     5
 Stab: Sleeping          |     7 |    11 |     7 ||    25
       Distracted        |       |       |     1 ||     1
Armor: Robe              |    10 |    26 |    12 ||    48
       Skin              |       |     9 |       ||     9
Dodge: Dodged            |    56 |   131 |    41 ||   228

Table legend:
 A = Non-vault XP
 B = Vault XP
 C = Vault XP percentage of total XP
 D = Non-vault monster count
 E = Vault monster count
 F = Vault count percentage of total count
                 A         B        C        D         E       F
            +---------+---------+-------+---------+---------+-------
      Total |    1135 |     522 |  31.5 |     110 |      15 |  12.0
            +---------+---------+-------+---------+---------+-------
        D:1 |      34 |       0 |   0.0 |      19 |       0 |   0.0
        D:2 |     113 |      20 |  15.0 |      24 |       4 |  14.3
        D:3 |     212 |      13 |   5.8 |      30 |       7 |  18.9
        D:4 |     222 |     489 |  68.8 |      14 |       4 |  22.2
        D:5 |     337 |       0 |   0.0 |      17 |       0 |   0.0
        D:6 |     217 |       0 |   0.0 |       6 |       0 |   0.0
            +---------+---------+-------+---------+---------+-------
